AoeStats
← MeanyPanini95

Fortress

507355316Analyzed
2v2 RM · 14d ago on Sep 17, 2026· 49m 8s· 4 players
Game mode
Random Map
Map size
Normal (6 player)
Population
200
Speed
Normal
Resources
Standard
Victory
Conquest
Starting age
Dark Age
Ending age
Imperial Age
RankedLock teamsTeams togetherTeam positionsShared explorationLock speedFull tech treeHidden civsTurbo modeCheats
Victory
Defeat
🇦🇹 Mongols · Austria
891
+14
🇦🇹 Britons · Austria
856
+15
🇬🇧 Britons · United Kingdom
845
-36
🇬🇧 Burgundians · United Kingdom
825
-37
UciKopti
0:29 Loom
8:31 Feudal Age
13:15 Castle Age
11:06 Double-Bit Axe
14:49 Wheelbarrow
15:35 Stone Mining
18:19 Bow Saw
22:46 Padded Archer Armor
22:37 Fletching
24:09 Hand Cart
28:54 Imperial Age
26:34 Gold Mining
27:04 Caravan
28:39 Leather Archer Armor
28:20 Bodkin Arrow
29:35 Horse Collar
30:38 Ballistics
31:19 Chemistry
31:15 Conscription
31:05 Husbandry
30:55 Elite Mangudai
31:43 Heavy Plow
31:54 Pikeman
33:09 Bloodlines
32:20 Light Cavalry
33:26 Bracer
33:32 Scale Barding Armor
35:25 Hussar
36:54 Forging
37:05 Chain Barding Armor
39:30 Capped Ram
40:47 Siege Ram
42:37 Drill
44:24 Onager
47:31 Siege Onager
xxkilla81
0:54 Loom
8:51 Feudal Age
9:15 Horse Collar
9:26 Double-Bit Axe
9:40 Gold Mining
13:12 Padded Archer Armor
13:04 Fletching
16:19 Castle Age
15:15 Arson
16:24 Forging
16:22 Scale Mail Armor
17:03 Heavy Plow
17:30 Bow Saw
18:03 Gold Shaft Mining
19:22 Squires
19:10 Gambesons
18:57 Pikeman
21:23 Leather Archer Armor
21:17 Bodkin Arrow
22:37 Wheelbarrow
24:27 Iron Casting
24:18 Chain Mail Armor
25:36 Hand Cart
30:14 Imperial Age
29:16 Yeomen
29:43 Caravan
31:55 Two-Man Saw
32:39 Bracer
33:21 Ring Archer Armor
33:53 Blast Furnace
33:24 Plate Mail Armor
33:07 Halberdier
35:13 Elite Longbowman
38:55 Elite Skirmisher
41:48 Conscription
42:19 Masonry
43:10 Chemistry
42:21 Fortified Wall
42:43 Ballistics
42:10 Arrowslits
42:16 Guard Tower
42:20 Heated Shot
42:59 Warwolf
42:30 Sappers
43:39 Hoardings
46:01 Architecture
MeanyPanini95
1:36 Loom
8:24 Feudal Age
12:56 Castle Age
11:24 Double-Bit Axe
11:21 Horse Collar
12:18 Bow Saw
12:12 Heavy Plow
16:16 Wheelbarrow
19:08 Town Watch
19:38 Fletching
20:40 Gold Mining
20:48 Stone Mining
21:30 Padded Archer Armor
23:40 Murder Holes
25:07 Leather Archer Armor
24:47 Bodkin Arrow
25:03 Forging
24:54 Scale Mail Armor
25:00 Scale Barding Armor
26:35 Ballistics
26:26 Fortified Wall
26:28 Masonry
25:58 Treadmill Crane
25:46 Light Cavalry
26:12 Elite Skirmisher
28:30 Chain Mail Armor
28:54 Iron Casting
29:58 Hand Cart
29:44 Town Patrol
29:55 Burgundian Vineyards
29:30 Pikeman
31:23 Squires
31:10 Arson
32:28 Gold Shaft Mining
32:28 Stone Shaft Mining
33:22 Cavalier
34:02 Husbandry
36:59 Imperial Age
38:24 Conscription
37:50 Paladin
38:55 Chain Barding Armor
38:42 Bracer
42:17 Chemistry
42:29 Plate Barding Armor
42:54 Blast Furnace
eL_bArTo
3:05 Loom
7:41 Feudal Age
9:11 Wheelbarrow
8:23 Double-Bit Axe
15:53 Castle Age
17:04 Hand Cart
17:02 Bow Saw
18:01 Light Cavalry
18:41 Husbandry
19:25 Horse Collar
22:01 Fletching
30:20 Imperial Age
29:07 Fervor
29:19 Sanctity
28:56 Gold Mining
29:00 Stone Mining
30:06 Bodkin Arrow
31:17 Padded Archer Armor
31:17 Bracer
32:27 Yeomen
32:27 Leather Archer Armor
32:42 Caravan
33:44 Two-Man Saw
32:47 Heavy Plow
33:24 Scale Mail Armor
33:35 Forging
34:30 Ballistics
34:17 Pikeman
35:08 Squires
34:57 Arson
35:48 Ring Archer Armor
35:34 Chain Mail Armor
35:54 Iron Casting
36:04 Elite Longbowman
38:53 Chemistry
38:20 Halberdier
45:06 Murder Holes
Connection lost

Rejoining the realm…

Still unreachable

The connection could not be restored.

Session expired

The server has moved on; the page needs a fresh start.